 Dungeon Crawl Stone Soup version 0.20.1-1-g8b1a95d (webtiles) character file.

816 wolfsongas the Basher (level 7, -5/59 HPs)
             Began as a Troll Berserker on Aug 2, 2017.
             Was a Priest of Trog.
             Slain by Prince Ribbit (16 damage)
             ... on level 5 of the Dungeon.
             The game lasted 00:11:48 (3392 turns).

wolfsongas the Basher (Troll Berserker)             Turns: 3392, Time: 00:11:48

Health: -5/59      AC:  6    Str: 28    XL:     7   Next: 62%
Magic:  6/6        EV: 10    Int:  5    God:    Trog [***...]
Gold:   208        SH:  3    Dex: 11    Spells: 6/6 levels left

rFire    . . .     SeeInvis .   y - +0 giant club
rCold    . . .     Gourm    +   (shield currently unavailable)
rNeg     . . .     Faith    .   b - +0 animal skin
rPois    .         Spirit   .   (helmet restricted)
rElec    .         Reflect  +   a - +0 cloak
rCorr    .         Harm     .   (gloves unavailable)
MR       .....     Rnd*Rage +   (boots unavailable)
Stlth    ++........             t - +3 amulet of reflection
Regen    0.6/turn               (no ring)
MPRegen  0.1/turn               (no ring)

@: berserk cooldown, slowed, very slow
A: unfitting armour, claws 3, thin skeletal structure 1, berserk 1, clever 1,
fast metabolism 3, frail 1, gourmand, regeneration 1, shaggy fur 1, tough skin 2
a: Berserk, Trog's Hand, Burn Spellbooks, Renounce Religion


You were on level 5 of the Dungeon.
You worshipped Trog.
Trog was most pleased with you.
You were very full.

You visited 1 branch of the dungeon, and saw 5 of its levels.
You also visited: Sewer.

You collected 208 gold pieces.

Inventory:

Hand Weapons
 i - a +4 flail
 y - a +0 giant club (weapon)
Armour
 a - a +0 cloak (worn)
 b - a +0 animal skin (worn)
Jewellery
 t - a +3 amulet of reflection (around neck)
Wands
 d - a wand of iceblast (7/15)
 x - a wand of polymorph (4/24)
Scrolls
 e - 3 scrolls of teleportation
 h - a scroll of noise
 l - a scroll of identify
 m - a scroll of fear
 n - a scroll of blinking
 o - a scroll of remove curse {unknown}
 p - 2 scrolls of magic mapping
 q - a scroll of random uselessness {unknown}
 v - a scroll of enchant armour {unknown}
 w - a scroll of recharging {unknown}
Potions
 c - a potion of haste {unknown}
 f - 4 potions of magic
 g - a potion of might
 j - a potion of lignification {unknown}
 r - a potion of flight {unknown}
 s - a potion of heal wounds {unknown}
 z - a potion of cancellation {unknown}
Comestibles
 k - a royal jelly
 u - 3 bread rations


   Skills:
 + Level 2.6 Fighting
 * Level 8.2 Maces & Flails
 + Level 2.5 Dodging


You had 6 spell levels left.
You didn't know any spells.

Dungeon Overview and Level Annotations

Branches:
Dungeon (5/15)
 Temple: D:4-7

Altars:
Hepliaklqana
Uskayaw
Xom
Zin

Annotations:
D:5 Prince Ribbit


Innate Abilities, Weirdness & Mutations

You are too large for most types of armour.
You have claws for hands.
Your metabolism is lightning-fast.
You like to eat raw meat.
Your natural rate of healing is unusually fast.
You are covered in fur. (AC +1)
You have very tough skin. (AC +2)
You have a somewhat thin skeletal structure. (Dex +2, Stealth)
You tend to lose your temper in combat.
Your mind is acute. (Int +2)
You are frail. (-10% HP)


Message History

You miss Prince Ribbit. Prince Ribbit hits you.
You miss Prince Ribbit.
Prince Ribbit hops awkwardly around.
Prince Ribbit hits you.
You closely miss Prince Ribbit. Prince Ribbit closely misses you.
You closely miss Prince Ribbit. You block Prince Ribbit's attack.
Prince Ribbit closely misses you.
You miss Prince Ribbit. Prince Ribbit hits you.
You miss Prince Ribbit. You block Prince Ribbit's attack.
You closely miss Prince Ribbit.
You are no longer berserk.
You are exhausted.
You feel yourself slow down. You block Prince Ribbit's attack.
You miss Prince Ribbit. Prince Ribbit hits you! Prince Ribbit hits you.
You barely miss Prince Ribbit. Prince Ribbit hits you!
* * * LOW HITPOINT WARNING * * *
Prince Ribbit completely misses you. Prince Ribbit hits you.
* * * LOW HITPOINT WARNING * * *
You closely miss Prince Ribbit. Prince Ribbit hits you!
You die...

... .# ## #.# ..#
..#####.###..#
.............#
.............#
.............#
.............#
.######## #..######
......#.#######.@##...#
..............#.F.....#
..............+.......#
..............#.......#
#..........(..#.......#
#.............#.......#
#.<####.###..######...#
#..####'###..######...#
#........#.......†....#


You could see Prince Ribbit.

Vanquished Creatures
  Purgy (Sewer)
  A sky beast (D:4)
  An ogre (D:5)
  A howler monkey (D:4)
  2 centaur skeletons (D:4)
  Terence (D:3)
  Natasha (thrice) (D:4)
  3 iguanas (D:4)
  3 worker ants
  A hound skeleton (D:5)
  A howler monkey skeleton (D:5)
  9 adders
  A shadow imp (D:3)
  2 oozes
  An adder skeleton (D:4)
  3 worms
  3 dart slugs
  3 leopard geckos
  3 orcs
  6 bats
  6 giant cockroaches
  3 goblins
  4 hobgoblins
  A quokka (D:3)
  3 ball pythons
  5 frilled lizards
  5 kobolds
  A quokka zombie (D:5)
  5 rats (D:1)
82 creatures vanquished.

Notes
Turn   | Place    | Note
-------+----------+-------------------------------------------
     0 | D:1      | wolfsongas the Troll Berserker began the quest for the Orb.
     0 | D:1      | Reached XP level 1. HP: 22/22 MP: 0/0
   134 | D:1      | Reached skill level 3 in Maces & Flails
   290 | D:1      | Reached XP level 2. HP: 22/29 MP: 1/1
   773 | D:2      | Noticed a hand axe
   775 | D:2      | Noticed a hand axe
   776 | D:2      | Found a hide-covered altar of Uskayaw.
   880 | D:2      | Reached XP level 3. HP: 20/36 MP: 2/2
   881 | D:2      | Gained mutation: You have a somewhat thin skeletal structure. (Dex +2, Stealth) [potion of mutation]
   881 | D:2      | Gained mutation: You are frail. (-10% HP) [potion of mutation]
   881 | D:2      | Gained mutation: You are partially covered in slimy green scales. (AC +2) [potion of mutation]
   883 | D:2      | Reached skill level 4 in Maces & Flails
  1114 | D:2      | Reached XP level 4. HP: 39/39 MP: 3/3
  1128 | D:2      | Reached ** piety under Trog
  1172 | D:2      | Lost mutation: You are frail. (-10% HP) [potion of mutation]
  1172 | D:2      | Lost mutation: You are partially covered in slimy green scales. (AC +2) [potion of mutation]
  1172 | D:2      | Gained mutation: You are frail. (-10% HP) [potion of mutation]
  1172 | D:2      | Gained mutation: You tend to lose your temper in combat. [potion of mutation]
  1172 | D:2      | Gained mutation: Your mind is acute. (Int +2) [potion of mutation]
  1671 | D:3      | Reached skill level 5 in Maces & Flails
  1729 | D:3      | Noticed Terence
  1735 | D:3      | Killed Terence
  1735 | D:3      | Reached XP level 5. HP: 43/45 MP: 4/4
  1844 | D:3      | Found a glowing drain.
  1861 | Sewer    | Entered a sewer
  1988 | Sewer    | Noticed Purgy
  1994 | Sewer    | Killed Purgy
  1994 | Sewer    | Reached skill level 6 in Maces & Flails
  1994 | Sewer    | Reached XP level 6. HP: 41/53 MP: 5/5
  2451 | D:4      | Noticed Natasha
  2460 | D:4      | Killed Natasha
  2646 | D:4      | Noticed Natasha
  2652 | D:4      | Killed Natasha
  2653 | D:4      | Reached skill level 7 in Maces & Flails
  2664 | D:4      | Found a hazy altar of Hepliaklqana.
  2691 | D:4      | Reached *** piety under Trog
  2757 | D:4      | Reached XP level 7. HP: 26/59 MP: 6/6
  2877 | D:4      | Noticed Natasha
  2886 | D:4      | Killed Natasha
  2996 | D:4      | Found a shimmering altar of Xom.
  2996 | D:4      | Found a glowing silver altar of Zin.
  2996 | D:4      | Noticed an angel
  3152 | D:5      | Entered Level 5 of the Dungeon
  3168 | D:5      | Reached skill level 8 in Maces & Flails
  3370 | D:5      | Noticed Prince Ribbit
  3392 | D:5      | Slain by Prince Ribbit

Skill      XL: |  1  2  3  4  5  6  7 |
---------------+----------------------+-----
Maces & Flails | 3 4 5 6 7 8 |  8.2
Fighting       | |  2.6
Dodging        | |  2.5

Action                   |  1- 3 |  4- 6 |  7- 9 || total
-------------------------+-------+-------+-------++-------
Melee: Mace              |    79 |     2 |       ||    81
       Flail             |       |   104 |    12 ||   116
       Giant club        |       |       |    30 ||    30
       Unarmed           |       |       |    18 ||    18
Invok: Berserk           |       |     2 |     1 ||     3
  Use: Scroll            |     3 |     4 |     1 ||     8
       Potion            |     2 |     2 |       ||     4
 Stab: Sleeping          |     1 |     7 |     1 ||     9
  Eat: Chunk             |     4 |     6 |     1 ||    11
       Bread ration      |     1 |     2 |       ||     3
       Meat ration       |       |     1 |     2 ||     3
Armor: Animal skin       |    49 |    33 |     9 ||    91
Dodge: Dodged            |    79 |    39 |    25 ||   143
Block: Other             |       |     5 |    10 ||    15
